 Dungeon Crawl Stone Soup version 0.30-a0-702-gdf48620a09 (webtiles) character file.

Game seed: 8223204697811933788

70 jfcaron the Covered (level 4, -6/40 HPs)
             Began as a Meteoran Fighter on Jan 22, 2023.
             Mangled by a gnoll
             ... wielding a +0 spear
              (7 damage)
             ... on level 3 of the Dungeon.
             The game lasted 00:02:28 (989 turns).

jfcaron the Covered (Meteoran Fighter)               Turns: 989, Time: 00:02:29

Health: -6/40      AC:  7    Str: 20    XL:     4   Next: 72%
Magic:  5/5        EV:  9    Int:  9    God:
Gold:   56         SH:  6    Dex: 19    Spells: 3/3 levels left

rFire   . . .      SeeInvis .    a - +0 war axe
rCold   . . .      Faith    .    c - +0 buckler
rNeg    . . .      Spirit   .    b - +0 scale mail
rPois   .          Reflect  .    (no helmet)
rElec   .          Harm     .    (no cloak)
rCorr   .          Rampage  .    (no gloves)
Will    .....                    (no boots) Stlth
                                 (no amulet)
HPRegen 0.26/turn                q - +6 ring of dexterity
MPRegen 0.09/turn                (no ring)

@: glowing
A: sense surroundings 1, otherworldly, glowing, explore regen
a: no special abilities


You were on level 3 of the Dungeon.
You visited 1 branch of the dungeon, and saw 3 of its levels.

You collected 56 gold pieces.

Inventory:

Hand Weapons
 a - a +0 war axe (weapon)
 j - a +1 dagger of freezing
   (You took it off a goblin on level 2 of the Dungeon)
Missiles
 h - 6 javelins
 l - 5 poisoned darts
Armour
 b - a +0 scale mail (worn)
 c - a +0 buckler (worn)
Magical Staves
 g - a staff of fire
   (You found it on level 1 of the Dungeon)
Jewellery
 o - a ring of ice
   (You found it on level 2 of the Dungeon)
 q - a +6 ring of dexterity (left hand)
   (You found it on level 2 of the Dungeon)
Scrolls
 f - 2 scrolls of teleportation
Potions
 d - a potion of might
 e - a potion of brilliance
 i - a potion of haste
 k - a potion of attraction {unknown}
 m - a potion of magic {unknown}


   Skills:
 + Level 3.8 Fighting
 * Level 3.8 Axes
 + Level 4.2 Armour
 + Level 4.2 Shields


You had 3 spell levels left.
You didn't know any spells.
Your spell library contained the following spells:

 Spells                   Type           Power      Damage    Failure   Level
 Sting                    Tmut/Pois      0%         1d3       82%         1
 Poisonous Vapours        Pois/Air       0%         N/A       91%         2
 Portal Projectile        Hex/Tloc       0%         N/A       99%         3
 Tukima's Dance           Hex            0%         N/A       99%         3
 Olgreb's Toxic Radiance  Pois           0%         N/A       100%        4
 Blade Hands              Tmut           0%         N/A       100%        5


Dungeon Overview and Level Annotations

Branches:
Dungeon (3/15) Zot: 773

Altars:


Innate Abilities, Weirdness & Mutations

You passively map a small area around you.
You are easily found by Zot.
You glow in the dark.
You regain HP and MP as you explore.


Message History

A gnoll comes into view. It is wielding a +0 halberd.
The gnoll hits you with a +0 club.
You slash the gnoll!
You kill the gnoll!
You slash the ball python!
You kill the ball python!
The gnoll throws a throwing net.
The throwing net closely misses you.
The gnoll throws a throwing net.
You block the throwing net.
Things that are here:
a throwing net {!f}; a +0 club; a fuming pink potion The gnoll barely misses you.
A rat comes into view.
You block the gnoll's attack.
You hit the gnoll.
The gnoll is heavily wounded.
The gnoll hits you from afar with a +0 spear.
The gnoll closely misses you. You block the gnoll's attack.
The gnoll hits you from afar with a +0 halberd.
The gnoll closely misses you. The gnoll barely misses you.
You slash the gnoll!
You kill the gnoll!
You block the gnoll's attack.
The gnoll hits you from afar with a +0 spear.
You block the gnoll's attack. The gnoll barely misses you.
You see here a +0 whip.
You barely miss the gnoll. You hit the gnoll.
The gnoll hits you with a +0 halberd! You block the gnoll's attack.
You are too injured to fight recklessly!
You are too injured to fight recklessly!
You are too injured to fight recklessly!
You are too injured to fight recklessly!
You are too injured to fight recklessly!
You are too injured to fight recklessly!
You closely miss the gnoll. You hit the gnoll.
The gnoll hits you with a +0 spear.
* * * LOW HITPOINT WARNING * * *
The gnoll hits you with a +0 halberd!
* * * LOW HITPOINT WARNING * * *
The gnoll barely misses you. The gnoll hits you with a +0 spear!
You die...

* , ##... , , *
* ... , *, ** *
, ..., , ...* ,
* ,, * #.#* * *
#r#####.# *
#gg..$..# #@# *
* ,* #.# * **
#(# #.#
#.#########
#.#.......#
#.#.#####.##
###(#........#
#.........#..###


You could see 2 gnolls and a rat.

Vanquished Creatures
  2 gnolls (D:3)
  An adder (D:3)
  2 bats (D:3)
  An endoplasm (D:1)
  3 giant cockroaches
  5 goblins
  4 hobgoblins
  6 jackals
  4 kobolds
  2 quokkas (D:3)
  4 ball pythons
  3 frilled lizards
37 creatures vanquished.

Notes
Turn   | Place    | Note
-------+----------+-------------------------------------------
     0 | D:1      | jfcaron the Meteoran Fighter began the quest for the Orb.
     0 | D:1      | Reached XP level 1. HP: 19/19 MP: 2/2
   173 | D:1      | Reached XP level 2. HP: 23/26 MP: 3/3
   462 | D:2      | Reached XP level 3. HP: 27/31 MP: 4/4
   745 | D:3      | Reached XP level 4. HP: 39/39 MP: 5/5
   989 | D:3      | HP: 1/40 [gnoll/+0 halberd (8)]
   989 | D:3      | Mangled by a gnoll

Illustrated notes

Levels and vault maps discovered:
D:1:      roderic_octagonal_star, layout_basic, kennysheep_nondescript
D:2:      layout_loops_corners, serial_glass, glass_columns_b, glass_columns_b,
          item_on_display_a, feat_on_display, feat_on_display
D:3:      layout_loops_corners

Skill      XL: |  1  2  3 |
---------------+----------+-----
Axes           | 3 |  3.8
Armour         | 4 |  4.2
Shields        | 4 |  4.2
Fighting       | |  3.8

Action                   |  1- 3 |  4- 6 || total
-------------------------+-------+-------++-------
Melee: War axe           |    69 |    22 ||    91
Throw: Javelin           |     2 |       ||     2
  Use: Scroll            |     5 |       ||     5
Armor: Scale mail        |    30 |     8 ||    38
Dodge: Dodged            |    30 |    13 ||    43
Block: Buckler           |    15 |    12 ||    27

Table legend: (Time is in decaauts)
 A = Elapsed time spent in this place.
 B = Non-inter-level travel time spent in this place.
 C = Inter-level travel time spent in this place.
 D = Time resting spent in this place.
 E = Time spent auto-exploring this place.
 F = Levels seen in this place.
 G = Mean time per level.
                   A        B        C        D        E       F      G
               +--------+--------+--------+--------+--------+-----+--------+
         Total |   1025 |   1014 |     11 |      0 |    740 |   3 |  341.7 |
       Dungeon |   1025 |   1014 |     11 |      0 |    740 |   3 |  341.7 |
               +--------+--------+--------+--------+--------+-----+--------+

Top non-repeatable levels by time:
     D:3: 478 daAuts
     D:2: 333 daAuts
     D:1: 213 daAuts

Table legend:
 A = Kills in this place as a percentage of kills in entire the game.
 B = Kills by you in this place as a percentage of kills by you in the entire game.
 C = Kills by friends in this place as a percentage of kills by friends in the entire game.
 D = Other kills in this place as a percentage of other kills in the entire game.
 E = Experience gained in this place as a percentage of experience gained in the entire game.
 F = Experience gained in this place divided by the number of levels of this place that you have seen.
                   A       B       C       D       E      F
               +-------+-------+-------+-------+-------+----------------------
         Total | 100.0 | 100.0 |   N/A |   N/A | 100.0 |  33.3
       Dungeon | 100.0 | 100.0 |   N/A |   N/A | 100.0 |  33.3
               +-------+-------+-------+-------+-------+----------------------
